 Dungeon Crawl Stone Soup version 0.23-a0-359-g9beedce (webtiles) character file.

3312 nikopol the Thaumaturge (level 9, -6/47 HPs)
             Began as a Deep Elf Fire Elementalist on Oct 21, 2018.
             Was a Follower of Vehumet.
             Mangled by Harold
             ... wielding a +0 dire flail
              (11 damage)
             ... on level 8 of the Dungeon on Oct 23, 2018.
             The game lasted 00:31:02 (7822 turns).

nikopol the Thaumaturge (DEFE)                      Turns: 7822, Time: 00:31:03

Health: -6/47      AC:  5    Str:  5    XL:     9   Next: 70%
Magic:  1/25       EV: 15    Int: 24    God:    Vehumet [*.....]
Gold:   210        SH:  0    Dex: 15    Spells: 14/29 levels left

rFire    . . .     SeeInvis .   (no weapon)
rCold    . . .     Gourm    .   (no shield)
rNeg     . . .     Faith    .   l - +0 robe
rPois    .         Spirit   .   i - +0 helmet
rElec    .         Reflect  .   (no cloak)
rCorr    .         Harm     .   k - +1 pair of gloves
MR       .....                  (no boots)
Stlth    +++.......             (no amulet)
HPRegen  0.15/turn              (no ring)
MPRegen  0.19/turn              (no ring)

@: marked
A: no striking features
a: Renounce Religion


You were on level 8 of the Dungeon.
You worshipped Vehumet.
Vehumet was aware of your devotion.
You were not hungry.

You visited 2 branches of the dungeon, and saw 9 of its levels.

You collected 364 gold pieces.
You spent 154 gold pieces at shops.

Inventory:

Armour
 a - a +0 robe
 i - a +0 helmet (worn)
 k - a +1 pair of gloves (worn)
 l - a +0 robe (worn)
 t - a +2 hat
Wands
 w - a wand of enslavement (10)
Scrolls
 d - a scroll of magic mapping
 g - 2 scrolls of enchant weapon
 h - 5 scrolls of teleportation
 m - a scroll of identify
 n - 5 scrolls of remove curse
 q - a scroll of amnesia {unknown}
 r - a scroll of enchant armour
 s - 2 scrolls of fear {unknown}
 u - a scroll of blinking {unknown}
Potions
 b - 2 potions of flight {unknown}
 e - 6 potions of curing
 f - 3 potions of lignification
 j - 2 potions of mutation {unknown}
 o - 3 potions of heal wounds {unknown}
 p - a potion of haste {unknown}
 v - 2 potions of cancellation
Comestibles
 c - 12 rations


   Skills:
 + Level 1.5 Fighting
 + Level 4.8 Dodging
 + Level 4.5 Stealth
 + Level 10.5 Spellcasting
 + Level 7.8 Conjurations
 + Level 8.5 Fire Magic


You had 14 spell levels left.
You knew the following spells:

 Your Spells              Type           Power        Failure   Level  Hunger
a - Flame Tongue          Conj/Fire      #####        1%          1    None
b - Throw Flame           Conj/Fire      ######       1%          2    None
c - Conjure Flame         Conj/Fire      ######..     1%          3    None
d - Sticky Flame          Conj/Fire      ######..     1%          4    None
e - Fireball              Conj/Fire      ######....   4%          5    ####...

Your spell library contained the following spells:

 Spells                   Type           Power        Failure   Level  Hunger
 Sting                    Conj/Pois      ####         1%          1    None
 Magic Dart               Conj           ####         1%          1    None
 Inner Flame              Hex/Fire       ####....     2%          3    None
 Mephitic Cloud           Conj/Pois/Air  ####....     4%          3    None
 Blink                    Tloc           N/A          8%          2    None
 Call Imp                 Summ           ##......     8%          2    None
 Slow                     Hex            ##......     8%          2    None


Dungeon Overview and Level Annotations

Branches:
Dungeon (8/15)             Temple (1/1) D:6
   Lair: D:8-11

Altars:
Ashenzari
Cheibriados
Dithmenos
Elyvilon
Fedhas
Gozag
Hepliaklqana
Kikubaaqudgha
Makhleb
Nemelex Xobeh
Okawaru
Qazlal
Ru
Sif Muna
Trog
Uskayaw
Vehumet
Wu Jian
Xom
Yredelemnul
Zin
The Shining One

Shops:
D:4 *   D:6 [[?(

Annotations:
D:3 3 runed doors, Karim's ghost, amateur HOMo
D:6 1 runed door, bear's ghost, amateur DEFE
D:8 Harold


Message History

Press: ? - help, Shift-Dir - straight line, f/p - Harold
Aim: Harold, wielding a +0 dire flail and wearing a +2 scale mail of cold The flame tongue hits Harold.
Harold is heavily wounded.
Harold burns!
A hippogriff comes into view.
Casting: Flame Tongue (safe; 1% risk of failure)
Confirm with . or Enter, or press ? or * to list all spells.
You don't have enough magic to cast that spell.
Unknown command.
Harold burns!
Harold is engulfed in blazing flames.
Harold asks, "Do you mind if I name my boat the 'nikopol'?
Your head will be Harold hits you with a +0 dire flail!
* * * LOW HITPOINT WARNING * * *
You hear a zap.
You hear a grinding noise.
The howler monkey hoots and howls with incredible vigour!
Harold burns!
A basilisk comes into view.
Harold is engulfed in blazing flames.
Harold hits you with a +0 dire flail!
You die...

##.##.# ....
#.##.# ... #..#.#
... ##o#.# ...
#.#.## #.# #{#..#
#.####.# #.##.#
#....... #.##.#
#(# #@##.#
#######)# #@##.#
#........ #h##.#
#.#.#.#[# #c##.#
#........ #O##.#
#.#.#.#.# #.##(##
#........
#H#...####.#.#.#)#
#.l.#..)h..h......
###...###..#.#)#.#


You could see Harold (burning), a hippogriff, a basilisk, an ogre, a centaur, a
howler monkey and an orc.

Vanquished Creatures
  An ice statue (D:7)
  Sigmund (D:7)
  2 orc warriors
  A necrophage (D:6)
  An ice beast (D:6)
  A sky beast (D:7)
  A phantom (D:5)
  7 centaurs
  3 ogres
  A big kobold (D:8)
  2 bullfrogs
  5 killer bees (D:5)
  A howler monkey (D:8)
  A centaur zombie (D:7)
  A quasit (D:5)
  A gnoll shaman (D:5)
  2 bullfrog zombies (D:7)
  5 jellies
  2 hounds
  2 orc wizards (D:6)
  A bullfrog skeleton (D:5)
  An orc priest (D:6)
  An iguana (D:6)
  A centaur skeleton (D:6)
  8 worker ants
  A hound skeleton (D:6)
  A hound zombie (D:6)
  A worker ant zombie (D:5)
  A howler monkey zombie (D:5)
  10 gnolls
  3 adders
  A shadow imp (D:8)
  2 oozes
  2 worms (D:2)
  5 dart slugs
  3 leopard geckos
  15 orcs
  4 bats
  6 giant cockroaches
  7 goblins
  7 hobgoblins
  15 jackals
  18 kobolds
  4 quokkas
  2 ball pythons
  6 frilled lizards
  A giant cockroach zombie (D:6)
  A leopard gecko zombie (D:5)
  6 rats
175 creatures vanquished.

Notes
Turn   | Place    | Note
-------+----------+-------------------------------------------
     0 | D:1      | nikopol the Deep Elf Fire Elementalist began the quest for
                  | the Orb.
     0 | D:1      | Reached XP level 1. HP: 10/10 MP: 6/6
     6 | D:1      | Noticed a worker ant
     6 | D:1      | Noticed a swamp drake
     6 | D:1      | Noticed a hog
     7 | D:1      | Noticed a black bear
     7 | D:1      | Noticed a water moccasin
   152 | D:1      | Reached XP level 2. HP: 15/15 MP: 0/8
   834 | D:2      | Reached XP level 3. HP: 19/19 MP: 2/10
  1050 | D:2      | Found a snail-covered altar of Cheibriados.
  1050 | D:2      | Found a hazy altar of Hepliaklqana.
  1100 | D:2      | Reached skill level 4 in Spellcasting
  1451 | D:2      | Reached XP level 4. HP: 21/24 MP: 10/12
  1458 | D:2      | Learned a level 2 spell: Throw Flame
  1462 | D:2      | Learned a level 3 spell: Conjure Flame
  1467 | D:2      | Learned a level 4 spell: Sticky Flame
  1776 | D:3      | Upgraded the game from 0.23-a0-356-g1757c6e to
                  | 0.23-a0-359-g9beedce
  1962 | D:3      | Found a runed gate.
  1963 | D:3      | Found a runed gate.
  1964 | D:3      | Found a runed gate.
  1964 | D:3      | Noticed Karim's ghost (amateur HOMo)
  2394 | D:4      | Reached XP level 5. HP: 25/28 MP: 8/14
  2764 | D:4      | Noticed an ogre
  2776 | D:4      | Killed an ogre
  2776 | D:4      | Reached skill level 5 in Spellcasting
  2940 | D:4      | Noticed an ogre
  2944 | D:4      | Killed an ogre
  2944 | D:4      | Reached XP level 6. HP: 33/33 MP: 8/16
  3031 | D:4      | Found Oshranacsae's Assorted Antiques.
  3325 | D:5      | Entered Level 5 of the Dungeon
  3385 | D:5      | Reached skill level 5 in Fire Magic
  3702 | D:5      | Reached skill level 6 in Spellcasting
  3702 | D:5      | Reached XP level 7. HP: 37/37 MP: 5/18
  3865 | D:5      | Found a shadowy altar of Dithmenos.
  3920 | D:5      | Found an iron altar of Okawaru.
  3921 | D:5      | Found a radiant altar of Vehumet.
  3953 | D:5      | Reached skill level 1 in Fighting
  4437 | D:5      | Reached skill level 7 in Spellcasting
  4624 | D:5      | Found an ancient bone altar of Kikubaaqudgha.
  4675 | D:6      | Reached skill level 5 in Conjurations
  4675 | D:6      | Reached XP level 8. HP: 43/43 MP: 13/21
  5008 | D:6      | Found Waqoch's Weapon Shop.
  5029 | D:6      | Reached skill level 8 in Spellcasting
  5053 | D:6      | Found Reggyss's Antique Armour Boutique.
  5068 | D:6      | Bought a runed hat for 154 gold pieces
  5092 | D:6      | Learned a level 5 spell: Fireball
  5194 | D:6      | Found a runed door.
  5194 | D:6      | Found a shimmering altar of Xom.
  5194 | D:6      | Noticed bear's ghost (amateur DEFE)
  5195 | D:6      | Noticed a glowing trident
  5230 | D:6      | Found Wagir's Magic Scroll Shoppe.
  5403 | D:6      | Found Fuyzujih's Armour Emporium.
  5436 | D:6      | Found a sacrificial altar of Ru.
  5535 | D:6      | Reached skill level 9 in Spellcasting
  5598 | D:6      | Found a staircase to the Ecumenical Temple.
  5607 | Temple   | Entered the Ecumenical Temple
  5954 | D:5      | Became a worshipper of Vehumet
  6136 | D:7      | Reached XP level 9. HP: 40/47 MP: 15/24
  6397 | D:7      | Noticed Sigmund
  6412 | D:7      | Killed Sigmund
  6702 | D:7      | Found a white marble altar of Elyvilon.
  7249 | D:7      | Reached skill level 10 in Spellcasting
  7250 | D:7      | Noticed an ice statue
  7299 | D:7      | Killed an ice statue
  7717 | D:8      | Reached * piety under Vehumet
  7717 | D:8      | Offered knowledge of Sting by Vehumet.
  7809 | D:8      | Noticed Harold
  7822 | D:8      | Mangled by Harold

Vault maps used:
D:1:      onia_arrival_zoo_common, minmay_misc_feat_nine_boxes
D:2:      gammafunk_temple_overflow_statue
D:3:      first_ration, gammafunk_ghost_nasty_kobolds
D:4:      serial_shops, shop
D:5:      lemuel_round_altar, nicolae_overflow_hidden_temple,
          grunt_ministairs_11
D:6:      hangedman_ru_absence, minmay_temple_entry_poolview, serial_shops,
          nicolae_shop_competitors_out_of_business,
          nicolae_shop_overgrown_old_shop, nicolae_shop_statue_plus, shop,
          ebering_ghost_xom, uniq_sigmund
D:7:      lemuel_ice_statue, lemuel_centaur_altar
D:8:      david_lair_generic, serial_glass, glass_columns_b, glass_columns_c,
          uniq_maurice, uniq_harold
Temple:   regret_index_temple_generic_petals

Skill      XL: |  1  2  3  4  5  6  7  8  9 |
---------------+----------------------------+-----
Fire Magic     | 4 5 6 7 8 |  8.5
Spellcasting   | 4 5 6 7 9 10 | 10.5
Conjurations   | 2 3 5 6 7 |  7.8
Dodging        | 3 4 |  4.8
Stealth        | 3 4 |  4.5
Fighting       | 1 |  1.5

Action                   |  1- 3 |  4- 6 |  7- 9 || total
-------------------------+-------+-------+-------++-------
Melee: Unarmed           |       |     1 |     3 ||     4
 Cast: Flame Tongue      |    93 |    79 |   186 ||   358
       Throw Flame       |       |     6 |     5 ||    11
       Conjure Flame     |       |     2 |     9 ||    11
       Sticky Flame      |       |     4 |    28 ||    32
       Fireball          |       |       |     7 ||     7
  Use: Scroll            |       |       |     8 ||     8
  Eat: Chunk             |     1 |     8 |     6 ||    15
       Ration            |       |       |     3 ||     3
Armor: Robe              |    10 |     2 |    21 ||    33
Dodge: Dodged            |    35 |    15 |    76 ||   126

Table legend:
 A = Non-vault XP
 B = Vault XP
 C = Vault XP percentage of total XP
 D = Non-vault monster count
 E = Vault monster count
 F = Vault count percentage of total count
                 A         B        C        D         E       F
            +---------+---------+-------+---------+---------+-------
      Total |    3604 |    1128 |  23.8 |     168 |       7 |   4.0
            +---------+---------+-------+---------+---------+-------
        D:1 |      36 |       0 |   0.0 |      19 |       0 |   0.0
        D:2 |      63 |       0 |   0.0 |      29 |       0 |   0.0
        D:3 |      41 |       0 |   0.0 |      16 |       0 |   0.0
        D:4 |     365 |       0 |   0.0 |      11 |       0 |   0.0
        D:5 |    1033 |      33 |   3.1 |      30 |       1 |   3.2
        D:6 |    1010 |       0 |   0.0 |      27 |       0 |   0.0
        D:7 |     692 |    1095 |  61.3 |      20 |       6 |  23.1
        D:8 |     364 |       0 |   0.0 |      16 |       0 |   0.0
            +---------+---------+-------+---------+---------+-------
